 Dungeon Crawl Stone Soup version 0.31-a0-816-gd61d57ddb1 (webtiles) character file.

Game seed: 6275015674801618341

237 Essalna the Conjurer (level 5, 35/35 HPs)
             Began as a Demonspawn Conjurer on Sept 22, 2023.
             Got out of the dungeon alive.
             The game lasted 00:03:34 (2357 turns).

Essalna the Conjurer (Demonspawn Conjurer)          Turns: 2357, Time: 00:03:35

Health: 35/35      AC:  4    Str:  8    XL:     5   Next: 77%
Magic:  11/11      EV: 12    Int: 21    God:
Gold:   138        SH:  0    Dex: 11    Spells: 9/12 levels left

rFire   . . .        c - +0 club
rCold   . . .        (no shield)
rNeg    . . .        a - +0 robe
rPois   .            (no helmet)
rElec   .            (no cloak)
rCorr   .            (no gloves)
SInv    .            (no boots)
Will    .....        (no amulet)
Stlth   ++           (no ring)
HPRegen 0.25/turn    (no ring)
MPRegen 0.12/turn

%: no passive effects
@: no status effects
A: thin metallic scales 1, foul stench 1, spiny 1
a: no special abilities


You escaped.
You visited 1 branch of the dungeon, and saw 4 of its levels.

You collected 138 gold pieces.

Inventory:

Hand Weapons
 c - a +0 club (weapon)
Armour
 a - a +0 robe (worn)
Scrolls
 e - a scroll of teleportation {unknown}
 f - 2 scrolls of identify {unknown}
 g - a scroll of brand weapon {unknown}
 i - a scroll of acquirement {unknown}
 j - 2 scrolls of noise {unknown}
 n - a scroll of fear {unknown}
Potions
 d - a potion of mutation {unknown}
 h - a potion of resistance {unknown}
 k - a potion of heal wounds {unknown}
 l - a potion of enlightenment {unknown}
 m - a potion of might {unknown}


   Skills:
 - Level 1.7 Dodging
 - Level 1.7 Stealth
 + Level 4.2 Spellcasting
 + Level 5.7 Conjurations


You had 9 spell levels left.
You knew the following spells:

 Your Spells              Type           Power      Damage    Failure   Level
a - Magic Dart            Conj           100%       1d8       1%          1
b - Searing Ray           Conj           56%        2d6       1%          2

Your spell library contained the following spells:

 Spells                   Type           Power      Damage    Failure   Level
 Dazzling Flash           Conj/Hex       32%        N/A       11%         3
 Sublimation of Blood     Necr           4%         N/A       19%         2
 Fulminant Prism          Conj/Hex       8%         3d7       34%         4
 Iskenderun's Mystic Bla  Conj/Tloc      16%        2d5       34%         4
 Ozocubu's Refrigeration  Ice            2%         4d7       100%        7
 Polar Vortex             Ice            2%         N/A       100%        9


Dungeon Overview and Level Annotations

Branches:
Dungeon (4/15)             Temple (0/1) D:4

Altars:


Innate Abilities, Weirdness & Mutations

You are partially covered in thin metallic scales. (AC +2)
You may rarely emit foul miasma when damaged in melee.
You are partially covered in sharp spines.


Message History

The phantom closely misses you.
The phantom hits you but does no damage.
The phantom hits you but does no damage.
The phantom misses you.
The phantom hits you but does no damage.
The phantom hits you. The phantom is struck by your spines.
The phantom completely misses you. The phantom completely misses you.
The phantom closely misses you. The phantom is struck by your spines.
The phantom hits you.
The phantom blinks!
You blink.
The phantom hits you but does no damage.
The phantom is struck by your spines. The phantom hits you.
The phantom hits you.
* * * LOW HITPOINT WARNING * * *
The phantom blinks!
You blink.
The phantom barely misses you. The phantom closely misses you.
The phantom is struck by your spines. The phantom misses you.
The phantom is struck by your spines.
You destroy the phantom!
Your Spellcasting skill increases to level 4!
Unknown command.
You see here a +0 long sword.
There is a stone staircase leading up here.
You climb upwards.
There is a stone staircase leading down here.
There is an escape hatch in the ceiling here.
A mysterious force pulls you upwards. The hatch slams shut behind you.
There is a stone staircase leading down here.
HP restored.
Found an escape hatch in the ceiling.
There is a stone staircase leading down here.
There is a stone staircase leading up here.
You climb upwards.
There is a stone staircase leading down here.
You see here 6 stones.
There is an open door here.
There is a staircase leading out of the dungeon here.
You have escaped!

♣.....♣ ♣.♣♣♣.♣♣
♣.♣♣P..♣♣
♣.♣P....♣♣♣
♣.♣♣.⌠...P♣ ####
♣.♣.....♣P♣ #...
♣....P♣P♣P♣ ##.##
♣...♣♣♣♣♣P♣###..#
♣@.........'...##
♣♣♣♣♣♣♣♣♣♣♣#####


There were no monsters in sight!

Vanquished Creatures
  A phantom (D:4)
  2 hounds
  4 gnolls (D:3)
  An adder (D:2)
  A worm (D:4)
  2 dart slugs
  6 endoplasms
  2 giant cockroaches
  6 goblins
  4 hobgoblins
  4 jackals (D:4)
  3 kobolds
  4 quokkas
  2 ball pythons (D:2)
  3 bats
  2 frilled lizards (D:1)
  4 rats
51 creatures vanquished.

Notes
Turn   | Place    | Note
-------+----------+-------------------------------------------
     0 | D:1      | Essalna the Demonspawn Conjurer began the quest for the
                  | Orb.
     0 | D:1      | Reached XP level 1. HP: 13/13 MP: 3/3
   287 | D:1      | Gained mutation: You are partially covered in thin metallic
                  | scales. (AC +2) [demonic ancestry]
   287 | D:1      | Reached XP level 2. HP: 19/19 MP: 1/5
   390 | D:1      | Got a fuliginous book
  1208 | D:2      | Gained mutation: You may rarely emit foul miasma when
                  | damaged in melee. [demonic ancestry]
  1208 | D:2      | Reached XP level 3. HP: 24/24 MP: 1/7
  1565 | D:3      | Learned a level 2 spell: Searing Ray
  1669 | D:3      | HP: 1/24 [gnoll/+0 spear (5)]
  1671 | D:3      | Gained mutation: You are partially covered in sharp spines.
                  | [demonic ancestry]
  1671 | D:3      | Reached XP level 4. HP: 2/30 MP: 3/8
  1690 | D:3      | Reached skill level 5 in Conjurations
  2079 | D:4      | Reached XP level 5. HP: 35/35 MP: 6/10
  2133 | D:4      | Found a staircase to the Ecumenical Temple.
  2133 | D:4      | Noticed a phantom
  2167 | D:4      | Killed a phantom
  2357 | D:$      | Got out of the dungeon alive.

Illustrated notes

Levels and vault maps discovered:
D:1:      psy_arrival_fountain, layout_basic
D:2:      layout_basic, basic_altar
D:3:      layout_rooms, serial_aquarium, aquarium_bridge_square
          [aquarium_subvault_wall, aquarium_subvault_wall,
          aquarium_subvault_bridge, aquarium_subvault_bridge],
          aquarium_window_3, aquarium_window_corner, aquarium_window_1,
          aquarium_view_2b, aquarium_view_2b, minmay_misc_feat_alley
D:4:      layout_basic, mainiacjoe_overflow_six_doors_small,
          minmay_temple_entry_statues_pillars, uniq_blork_the_orc, uniq_natasha

Skill      XL: |  1  2  3  4  5 |
---------------+----------------+-----
Spellcasting   | 3 4 |  4.2
Conjurations   | 5 |  5.7
Dodging        | |  1.7
Stealth        | |  1.7

Action                     |  1- 3 |  4- 6 || total
---------------------------+-------+-------++-------
  Melee: Club              |    11 |    33 ||    44
   Cast: Magic Dart        |    75 |     8 ||    83
         Searing Ray       |     2 |       ||     2
    Use: Potion            |     1 |       ||     1
 Armour: Robe              |    14 |    36 ||    50
  Dodge: Dodged            |     8 |    44 ||    52

Table legend: (Time is in decaauts)
 A = Elapsed time spent in this place.
 B = Non-inter-level travel time spent in this place.
 C = Inter-level travel time spent in this place.
 D = Time resting spent in this place.
 E = Time spent auto-exploring this place.
 F = Levels seen in this place.
 G = Mean time per level.
                   A        B        C        D        E       F      G
               +--------+--------+--------+--------+--------+-----+--------+
         Total |   2369 |   2187 |    182 |      0 |   1857 |   4 |  592.2 |
       Dungeon |   2369 |   2187 |    182 |      0 |   1857 |   4 |  592.2 |
               +--------+--------+--------+--------+--------+-----+--------+

Top non-repeatable levels by time:
     D:1: 1240 daAuts
     D:3: 406 daAuts
     D:2: 400 daAuts
     D:4: 322 daAuts
